 Dungeon Crawl Stone Soup version 0.29.1-2-gbd0b4ee654 (webtiles) character file.

Game seed: 7205443358890907870

16 qeuew the Firebug (level 2, -2/15 HPs)
             Began as a Tengu Fire Elementalist on Nov 4, 2022.
             Slain by a jackal (3 damage)
             ... on level 1 of the Dungeon.
             The game lasted 00:01:22 (527 turns).

qeuew the Firebug (Tengu Fire Elementalist)          Turns: 527, Time: 00:01:23

Health: -2/15      AC:  3    Str:  8    XL:     2   Next: 54%
Magic:  0/6        EV: 12    Int: 15    God:
Gold:   13         SH:  0    Dex: 14    Spells: 4/5 levels left

rFire   . . .      SeeInvis .   (no weapon)
rCold   . . .      Faith    .   (no shield)
rNeg    . . .      Spirit   .   f - +0 leather armour
rPois   .          Reflect  .   (helmet restricted)
rElec   .          Harm     .   (no cloak)
rCorr   .          Rampage  .   (no gloves)
Will    .....                   (boots unavailable)
Stlth   ++........              (no amulet)
HPRegen 0.05/turn               (no ring)
MPRegen 0.10/turn               (no ring)

@: no status effects
A: beak, talons 3
a: no special abilities


You were on level 1 of the Dungeon.
You visited 1 branch of the dungeon, and saw 1 of its levels.

You collected 13 gold pieces.

Inventory:

Armour
 f - a +0 leather armour (worn)
Scrolls
 a - a scroll of acquirement {unknown}
 c - a scroll of amnesia {unknown}
 d - a scroll of silence {unknown}
 e - a scroll of identify {unknown}
Potions
 b - a potion of magic


   Skills:
 * Level 0.6 Armour
 * Level 2.5 Dodging
 - Level 2.0 Stealth
 + Level 2.1 Spellcasting
 * Level 1.6 Conjurations
 + Level 3.5 Fire Magic


You had 4 spell levels left.
You knew the following spells:

 Your Spells              Type           Power      Damage    Failure   Level
a - Foxfire               Conj/Fire      36%        2x1d5     11%         1

Your spell library contained the following spells:

 Spells                   Type           Power      Damage    Failure   Level
 Scorch                   Fire           24%        2d6       11%         2
 Conjure Flame            Conj/Fire      9%         6-21      32%         3
 Inner Flame              Hex/Fire       6%         N/A       41%         3
 Flame Wave               Conj/Fire      9%         2d6       71%         4


Dungeon Overview and Level Annotations

Branches:
Dungeon (1/15)

Altars:


Innate Abilities, Weirdness & Mutations

You have a beak for a mouth.
You have claws for feet.


Message History

Casting: Foxfire (safe; 11% risk of failure)
Press: ? - help, Q - select action Dir - look around, f - activate You conjure some foxfire!
The jackal bites you but does no damage.
The jackal closely misses you.
Unknown command.
Your foxfire dissipates!
Found a fuming purple potion.
The foxfire hits the jackal.
The jackal is almost dead.
The jackal bites you but does no damage.
Casting: Foxfire (safe; 11% risk of failure)
Press: ? - help, Q - select action Dir - look around, f - activate You conjure some foxfire!
The jackal barely misses you.
Unknown command.
You hit the jackal but do no damage. Your kick misses the jackal.
The foxfire hits the jackal but does no damage. x2
The jackal bites you but does no damage.
The jackal bites you.
* * * LOW HITPOINT WARNING * * *
You hit the jackal.
You kill the jackal!
The jackal closely misses you. The jackal attacks as you move away!
The jackal barely misses you. The jackal closely misses you.
The jackal attacks as you move away! The jackal barely misses you.
Casting: Foxfire (safe; 11% risk of failure)
Press: ? - help, Q - select action Dir - look around, f - activate You conjure some foxfire!
The jackal closely misses you. The jackal bites you.
* * * LOW HITPOINT WARNING * * *
Unknown command.
Your foxfire dissipates!
The foxfire hits the jackal.
The jackal is almost dead.
Casting: Foxfire (safe; 11% risk of failure)
Press: ? - help, Q - select action Dir - look around, f - activate You conjure some foxfire!
The jackal bites you.
You die...

........ .... ........ ....
###### ........ ....
#####.....
.......#!..####.........
.....#...##...⌠.......
......##........⌠...
#.###.##.#............. #
#.#h.h@v##...⌠...[.....
#.####.#.###v##..(..........
#.#......# #..##........⌠...
#....#.#†###.####...⌠.......
#..........†.# ####.........
..#.....†#### #..##'##.....
##...### #.###..###### ##.##
#.# #........ ##.#
#.###.#######


You could see 2 jackals.

Vanquished Creatures
  4 bats (D:1)
  3 endoplasms (D:1)
  2 jackals (D:1)
  A quokka (D:1)
  A ball python (D:1)
  A frilled lizard (D:1)
  A rat (D:1)
13 creatures vanquished.

Vanquished Creatures (others)
  34 foxfires (D:1)
34 creatures vanquished.

Grand Total: 47 creatures vanquished

Notes
Turn   | Place    | Note
-------+----------+-------------------------------------------
     0 | D:1      | qeuew the Tengu Fire Elementalist began the quest for the
                  | Orb.
     0 | D:1      | Reached XP level 1. HP: 10/10 MP: 4/4
   284 | D:1      | Reached XP level 2. HP: 15/15 MP: 3/6
   527 | D:1      | Slain by a jackal

Illustrated notes

Levels and vault maps discovered:
D:1:      dpeg_arrival_water_temple_mockup, layout_loops_ring

Action                   || total
-------------------------++-------
Melee: Unarmed           ||    42
       Peck              ||     8
       Kick              ||     7
 Cast: Foxfire           ||    30
 Stab: Sleeping          ||     1
Armor: Leather armour    ||    28
Dodge: Dodged            ||    44
